 Dungeon Crawl Stone Soup version 0.26.1-2-gb8aa6d0cf2 (webtiles) character file.

Game seed: 12769011087105350677

49 axecop the Sneak (level 3, 0/34 HPs)
             Began as a Naga Delver on Mar 18, 2021.
             Slain by a water moccasin skeleton (5 damage)
             ... on level 4 of the Dungeon.
             The game lasted 00:01:01 (734 turns).

axecop the Sneak (Naga Delver)                       Turns: 734, Time: 00:01:01

Health: 0/34       AC:  2    Str: 14    XL:     3   Next: 77%
Magic:  3/3        EV:  9    Int: 11    God:
Gold:   52         SH:  0    Dex: 12    Spells: 2/2 levels left

rFire    . . .     SeeInvis +   a - +0 long sword
rCold    . . .     Faith    .   (no shield)
rNeg     . . .     Spirit   .   b - +0 leather armour
rPois    +         Reflect  .   (no helmet)
rElec    .         Harm     .   (no cloak)
rCorr    .         Rampage  .   (no gloves)
Will     .....                  (no barding)
Stlth    +++.......             (no amulet)
HPRegen  0.11/turn              (no ring)
MPRegen  0.08/turn              (no ring)

@: very slow
A: large, see invisible, deformed body, poison resistance, slowness 2, spit
poison 1, AC +1
a: Spit Poison


You were on level 4 of the Dungeon.
You visited 1 branch of the dungeon, and saw 3 of its levels.

You collected 52 gold pieces.

Inventory:

Hand Weapons
 a - a +0 long sword (weapon)
 j - a +0 falchion
Missiles
 k - 24 sling bullets
Armour
 b - a +0 leather armour (worn)
Wands
 g - a wand of digging (3)
Scrolls
 c - a scroll of fog
 d - a scroll of magic mapping
 e - a scroll of fear
 h - a scroll of identify {unknown}
 l - a scroll of remove curse {unknown}
 m - a scroll of noise {unknown}
 o - a scroll of teleportation {unknown}
Potions
 f - a potion of haste
 i - a potion of lignification {unknown}
 n - a potion of might {unknown}
 p - 3 potions of curing {unknown}
 q - 2 potions of resistance {unknown}


   Skills:
 - Level 3.0 Fighting
 * Level 3.4 Long Blades
 - Level 1.5 Dodging
 + Level 7.9 Stealth


You had 2 spell levels left.
You didn't know any spells.
Your spell library was empty.

Dungeon Overview and Level Annotations

Branches:
Dungeon (6/15)
 Temple: D:4-7

Altars:
Sif Muna


Innate Abilities, Weirdness & Mutations

You cannot wear boots.
Your serpentine skin is tough. (AC +1)
You have supernaturally acute eyesight. (SInv)
Armour fits poorly on your strangely shaped body.
Your system is resistant to poisons. (rPois)
You cover ground very slowly.
You can spit poison.


Message History

You hit the gnoll.
The gnoll is heavily wounded.
The gnoll closely misses you.
Unknown command.
You can't do that yet.
Unknown command.
Unknown command.
Unknown command.
Okay, then.
As you read the scroll of fear, it crumbles to dust.
You assume a fearsome visage.
The gnoll looks frightened!
Unknown command.
You have got your breath back.
A water moccasin skeleton comes into view.
The helpless water moccasin skeleton fails to defend itself.
You slash the water moccasin skeleton!
The water moccasin skeleton is moderately damaged.
The water moccasin skeleton barely misses you.
The water moccasin skeleton bites you.
You die...

#############
............#### #
........@Z.....#
#.#.######.###.####
.... ...#.# #.#
##.#.####.#.# #.#
............# #.#
#.#.##.#...# #.#
#.#.##.#...# #_#
#.#.##)#...# #.#
#.##...g......# #.#


You could see a water moccasin skeleton.

Vanquished Creatures
  2 hound skeletons
  An adder (D:5)
  An ooze (D:5)
  3 orcs
  A frilled lizard (D:5)
  A leopard gecko zombie (D:5)
9 creatures vanquished.

Notes
Turn   | Place    | Note
-------+----------+-------------------------------------------
     0 | D:5      | axecop the Naga Delver began the quest for the Orb.
     0 | D:5      | Reached XP level 1. HP: 21/21 MP: 1/1
    67 | D:5      | Reached XP level 2. HP: 23/28 MP: 2/2
   313 | D:5      | Noticed a phantom
   367 | D:5      | Reached XP level 3. HP: 20/34 MP: 3/3
   629 | D:5      | Noticed a centaur
   692 | D:4      | Found a shimmering blue altar of Sif Muna.
   734 | D:4      | Slain by a water moccasin skeleton

Illustrated notes

Levels and vault maps discovered:
D:4:      layout_basic, overflow_temple_1_default, st_stairs_3,
          chequers_hall_statues_wall_a
D:5:      layout_rooms, lemuel_zombie_altar_kikubaaqudgha
D:6:      layout_loops_cross, elyvilon_altar_1, grunt_temple_overflow_diamond,
          temple_green, minmay_manual_mullet

Skill      XL: |  1  2 |
---------------+-------+-----
Long Blades    | 3 |  3.4
Fighting       | |  3.0
Dodging        | |  1.5
Stealth        | |  7.9

Action                   || total
-------------------------++-------
Melee: Long sword        ||    28
 Abil: Spit Poison       ||     3
  Use: Scroll            ||     2
 Stab: Sleeping          ||     4
Armor: Leather armour    ||     4
Dodge: Dodged            ||    16
       Rpst.: Long sword ||     5
